 Dungeon Crawl Stone Soup version 0.20-a0-993-gba41c3c (webtiles) character file.

387 Hybris the Shield-Bearer (level 7, -5/52 HPs)
             Began as a Human Fighter on Apr 11, 2017.
             Was an Initiate of Okawaru.
             Slain by sqweez's ghost (7 damage)
             ... on level 4 of the Dungeon.
             The game lasted 00:09:52 (2795 turns).

Hybris the Shield-Bearer (Human Fighter)            Turns: 2795, Time: 00:09:53

Health: -5/52      AC:  7    Str: 16 (18) XL:     7   Next: 7%
Magic:  7/7        EV: 12    Int: 12 (13) God:    Okawaru [......]
Gold:   161        SH: 11    Dex: 16 (18) Spells: 6/6 levels left

rFire    x . .     SeeInvis .   j - +2 hand axe (vamp)
rCold    + . .     Gourm    .   c - +1 shield
rNeg     . . .     Faith    .   b - +0 scale mail
rPois    .         Spirit   .   (no helmet)
rElec    .         Reflect  .   (no cloak)
rCorr    .         Harm     .   u - +0 pair of gloves
MR       .....                  (no boots)
Stlth    +.........             (no amulet)
Regen    0.2/turn               p - ring of ice
MPRegen  0.1/turn               (no ring)

@: brilliant, agile, flying
A: no striking features
a: Renounce Religion


You were on level 4 of the Dungeon.
You worshipped Okawaru.
Okawaru was noncommittal.
You were hungry.

You visited 1 branch of the dungeon, and saw 4 of its levels.

You collected 161 gold pieces.

Inventory:

Hand Weapons
 j - a +2 vampiric hand axe (weapon)
 v - a +0 falchion of holy wrath
Armour
 b - a +0 scale mail (worn)
 c - a +1 shield (worn)
 u - a +0 pair of gloves (worn)
Jewellery
 p - a ring of ice (left hand)
Scrolls
 h - 3 scrolls of remove curse
 l - 5 scrolls of teleportation
Potions
 d - a potion of might
 s - a potion of resistance {unknown}
Comestibles
 m - 3 meat rations


   Skills:
 - Level 3.0 Fighting
 - Level 2.6 Long Blades
 * Level 4.7 Axes
 - Level 3.0 Armour
 + Level 5.1 Shields


You had 6 spell levels left.
You didn't know any spells.

Dungeon Overview and Level Annotations

Branches:
Dungeon (4/15)
 Temple: D:4-7

Altars:
Okawaru

Annotations:
D:4 sqweez's ghost, novice TrBe


Message History

Sqweez's ghost closely misses you.
It was a potion of flight.
You feel very buoyant.
You fly up into the air.
Sqweez's ghost hits you.
* * * LOW HITPOINT WARNING * * *
It was a potion of agility.
You feel agile all of a sudden. Sqweez's ghost hits you!
* * * LOW HITPOINT WARNING * * *
You barely miss sqweez's ghost.
Sqweez's ghost is severely damaged.
Sqweez's ghost barely misses you.
You barely miss sqweez's ghost.
Sqweez's ghost is severely damaged.
Sqweez's ghost misses you.
It was a potion of degeneration.
There was something very wrong with that liquid.
You feel weakened.
You feel dopey.
You feel clumsy. Sqweez's ghost hits you!
You die...

#.#...###...###........
#.............+.<......
#...#...).#...#.)......
#..##.._..##..#........
##..#.).).#...#........
#............#<.......
##...###.....#........
##...#......#........
###.@...#+###......>.
......W.................
........................
....(...................
(.......................
.((.....................
######'##............##'
... #####'##.....# . ..
...#.....+


You could see sqweez's ghost.

Vanquished Creatures
  An ogre (D:4)
  Natasha (thrice) (D:3)
  3 worker ants
  4 adders
  2 oozes
  3 worms
  3 dart slugs (D:2)
  8 leopard geckos
  An orc (D:3)
  3 ball pythons
  7 giant cockroaches
  11 hobgoblins
  4 jackals (D:3)
  13 bats
  7 frilled lizards
  5 goblins
  10 kobolds
  7 rats
95 creatures vanquished.

Notes
Turn   | Place    | Note
-------+----------+-------------------------------------------
     0 | D:1      | Hybris the Human Fighter began the quest for the Orb.
     0 | D:1      | Reached XP level 1. HP: 18/18 MP: 1/1
   112 | D:1      | Reached XP level 2. HP: 19/24 MP: 2/2
   405 | D:1      | Reached XP level 3. HP: 29/29 MP: 3/3
   564 | D:1      | Reached skill level 1 in Axes
   964 | D:2      | Reached XP level 4. HP: 29/35 MP: 4/4
  1458 | D:2      | Reached skill level 4 in Shields
  1559 | D:3      | Reached XP level 5. HP: 39/41 MP: 5/5
  1604 | D:3      | Noticed Natasha
  1624 | D:3      | Killed Natasha
  1948 | D:3      | Noticed Natasha
  1959 | D:3      | Killed Natasha
  1959 | D:3      | Reached XP level 6. HP: 45/47 MP: 6/6
  2058 | D:3      | Noticed Natasha
  2071 | D:3      | Killed Natasha
  2099 | D:4      | Noticed an ogre
  2497 | D:4      | Killed an ogre
  2497 | D:4      | Reached skill level 5 in Shields
  2553 | D:4      | Found an iron altar of Okawaru.
  2565 | D:4      | Became a worshipper of Warmaster Okawaru
  2581 | D:4      | Reached XP level 7. HP: 34/52 MP: 7/7
  2770 | D:4      | Noticed sqweez's ghost (novice TrBe)
  2792 | D:4      | HP: 2/52 [sqweez's ghost (8)]
  2795 | D:4      | Slain by sqweez's ghost

Vault maps used:
D:1:      dpeg_arrival_round_a, st_stairs_4
D:3:      uniq_natasha
D:4:      okawaru_ov_weapons_minmay, portal_sewer_entry_e, first_bread,
          wad_floor_pattern_untrapped

Skill      XL: |  1  2  3  4  5  6 |
---------------+-------------------+-----
Axes           | 1 2 3 4 |  4.7
Shields        | 4 5 |  5.1
Fighting       | |  3.0
Long Blades    | |  2.6
Armour         | |  3.0

Action                   |  1- 3 |  4- 6 |  7- 9 || total
-------------------------+-------+-------+-------++-------
Melee: Long sword        |    37 |       |       ||    37
       Hand axe          |    69 |   248 |    17 ||   334
Throw: Javelin           |       |     1 |     4 ||     5
  Use: Scroll            |       |     8 |       ||     8
       Potion            |       |       |     4 ||     4
  Eat: Bread ration      |     1 |       |       ||     1
       Chunk             |       |     6 |       ||     6
       Meat ration       |       |       |     1 ||     1
Armor: Scale mail        |    54 |   118 |     2 ||   174
Dodge: Dodged            |    21 |    87 |     5 ||   113
Block: Shield            |    51 |   143 |     7 ||   201
       Rpst.: Long sword |     3 |       |       ||     3
